 Dungeon Crawl Stone Soup version 0.29.1-12-g30fa7ad0bf (webtiles) character file.

Game seed: 9417968519854749154

2 BigDaddyOpFi the Chopper (level 1, 19/19 HPs)
             Began as a Palentonga Berserker on Jan 11, 2023.
             Was a Follower of Trog.
             Got out of the dungeon alive.
             The game lasted 00:00:35 (92 turns).

BigDaddyOpFi the Chopper (Palentonga Berserker)       Turns: 92, Time: 00:00:36

Health: 19/19      AC:  4    Str: 22    XL:     1   Next: 25%
Magic:  1/1        EV:  9    Int:  7    God:    Trog [*.....]
Gold:   0          SH:  0    Dex:  9    Spells: 0/0 levels left

rFire   . . .      SeeInvis +   a - +0 hand axe
rCold   . . .      Faith    .   (no shield)
rNeg    . . .      Spirit   .   b - +0 animal skin
rPois   .          Reflect  .   (no helmet)
rElec   .          Harm     .   (no cloak)
rCorr   .          Rampage  .   (no gloves)
Will    .....                   (no barding)
Stlth   +.........              (no amulet)
HPRegen 0.06/turn               (no ring)
MPRegen 0.07/turn               (no ring)

@: no status effects
A: large, rugged brown scales 3, see invisible, deformed body, roll 1, armoured
tail
a: Rolling Charge, Renounce Religion, Berserk


You escaped.
You worshipped Trog.
Trog was aware of your devotion.
You visited 1 branch of the dungeon, and saw 1 of its levels.

Inventory:

Hand Weapons
 a - a +0 hand axe (weapon)
Armour
 b - a +0 animal skin (worn)
Scrolls
 c - a scroll of identify {unknown}


   Skills:
 + Level 3.0 Fighting
 + Level 3.0 Axes
 + Level 1.6 Armour
 + Level 1.6 Dodging


You couldn't memorise any spells.
You didn't know any spells.
Your spell library was empty.

Dungeon Overview and Level Annotations

Branches:
Dungeon (1/15)

Altars:


Innate Abilities, Weirdness & Mutations

You are completely covered in rugged brown scales. (AC +3, +7% HP)
You have supernaturally acute eyesight. (SInv)
Armour fits poorly on your strangely shaped body.
You can roll at nearby foes to attack.
You have a long armoured tail.


Message History

No target in view!
No target in view!
No target in view!
c - a scroll labelled ROJEWKIXUO
Found a whip.
An endoplasm comes into view.
An endoplasm is nearby!
The endoplasm quivers.
An endoplasm is nearby!
You roll forward with a clatter of scales!
You slash the endoplasm!
You kill the endoplasm!
Trog accepts your kill.
No target in view!
d - a scroll labelled QECYIN QEJOI
Found an escape hatch in the floor.
No target in view!
There is an escape hatch in the floor here.
Found a stone staircase leading down.
No target in view!
You aren't carrying any potions.
No other quiver actions available for cycling.
Your library has no spells.
There's nothing to open nearby.
You don't know any spells.
(D) Dungeon
Where to? (? - help)
Okay, then.
You drop a scroll labelled QECYIN QEJOI.
You aren't carrying any items that you can evoke.
There's nothing to close nearby.
You see here a scroll labelled QECYIN QEJOI.
There is an escape hatch in the floor here.
There is a staircase leading out of the dungeon here.
Are you sure you want to leave the Dungeon?
This will make you lose the game! [Y]es or [N]o only, please.
Are you sure you want to leave the Dungeon?
This will make you lose the game! [Y]es or [N]o only, please.
Are you sure you want to leave the Dungeon?
This will make you lose the game!
You have escaped!

##########.##########
#..#.............#..#
#.#...............#.#
##.......#.#.......##
#......#.#.#.#......#
#.....##.#.#.##.....#
#.......⌠#.#⌠.......#
###..#######.#######..######
##...........@..............#
#..#..#######.#######..####..
#..#..... #.#⌠.......#
#..#.....# #.#.##.....#
#..#......# #.#.#......#
#..##.......#.#.......##
#..#.#...............#.#
#.##. #.............#..# #>#
#######.##########


There were no monsters in sight!

Vanquished Creatures
  An endoplasm (D:1)
  A rat (D:1)
2 creatures vanquished.

Notes
Turn   | Place    | Note
-------+----------+-------------------------------------------
     0 | D:1      | BigDaddyOpFi the Palentonga Berserker began the quest for
                  | the Orb.
     0 | D:1      | Reached XP level 1. HP: 19/19 MP: 1/1
    92 | D:$      | Got out of the dungeon alive.

Illustrated notes

Levels and vault maps discovered:
D:1:      matt_arrival_grand_opening, layout_loops_cross

Action                   || total
-------------------------++-------
Melee: Hand axe          ||     5
 Abil: Rolling Charge    ||     2
Armor: Animal skin       ||     3
